 Dungeon Crawl Stone Soup version 0.20.1-1-g8b1a95d (console) character file.

228 hilaritas the Stinger (level 6, -3/41 HPs)
             Began as a Merfolk Venom Mage on Sept 23, 2017.
             Slain by a phantom (7 damage)
             ... on level 3 of the Dungeon.
             The game lasted 00:10:21 (4800 turns).

hilaritas the Stinger (Merfolk Venom Mage)          Turns: 4800, Time: 00:10:21

Health: -3/41      AC:  3    Str:  8    XL:     6   Next: 2%
Magic:  8/11       EV: 13    Int: 16    God:
Gold:   130        SH:  0    Dex: 15    Spells: 1/12 levels left

rFire    . . .     SeeInvis .   e - -1 spear (curse)
rCold    . . .     Gourm    .   (no shield)
rNeg     . . .     Faith    .   a - +0 robe
rPois    .         Spirit   .   (no helmet)
rElec    .         Reflect  .   (no cloak)
rCorr    .         Harm     .   l - +0 pair of gloves
MR       .....                  (no boots)
Stlth    ++........             (no amulet)
Regen    0.2/turn               (no ring)
MPRegen  0.2/turn               (no ring)

@: no status effects
A: change form in water, swift swim, stealthy swim
a: no special abilities


You were on level 3 of the Dungeon.
You were not hungry.

You visited 1 branch of the dungeon, and saw 3 of its levels.

You collected 130 gold pieces.

Inventory:

Hand Weapons
 e - a cursed -1 spear (weapon)
Missiles
 o - 29 arrows
Armour
 a - a +0 robe (worn)
 l - a +0 pair of gloves (worn)
Wands
 q - a wand of paralysis (6/24)
Scrolls
 h - 5 scrolls of identify {unknown}
 i - a scroll of fear {unknown}
 j - a scroll of amnesia {unknown}
 n - a scroll of blinking {unknown}
 p - a scroll of teleportation {unknown}
Potions
 d - 3 potions of curing {unknown}
 f - 2 potions of heal wounds {unknown}
 k - a potion of haste {unknown}
 t - a potion of lignification {unknown}
 u - a potion of mutation {unknown}
Books
 b - a Young Poisoner's Handbook

   Spells                             Type                      Level
   a - Sting                          Conjuration/Poison           1
   b - Poisonous Vapours              Poison/Air                   2
   c - Mephitic Cloud                 Conjuration/Poison/Air       3
   d - Olgreb's Toxic Radiance        Poison                       4
   e - Venom Bolt                     Conjuration/Poison           5
Comestibles
 c - a bread ration
 g - 2 meat rations
 m - 3 fruits
 r - 3 chunks of flesh
 s - a royal jelly


   Skills:
 - Level 2.6 Dodging
 - Level 2.1 Stealth
 * Level 3.7 Spellcasting
 - Level 2.3 Conjurations
 - Level 5.0 Poison Magic


You had one spell level left.
You knew the following spells:

 Your Spells              Type           Power        Failure   Level  Hunger
a - Sting                 Conj/Pois      ##..         3%          1    None
b - Poisonous Vapours     Pois/Air       ##....       10%         2    ##.....
c - Mephitic Cloud        Conj/Pois/Air  ##......     19%         3    ###....
d - Venom Bolt            Conj/Pois      ##........   71%         5    ######.


Dungeon Overview and Level Annotations

Branches:
Dungeon (3/15)

Altars:
Qazlal
Zin


Message History

The phantom closely misses you.
You hit the phantom but do no damage.
The phantom is lightly damaged.
The phantom blinks!
You see here a bread ration.
Casting: Sting
Confirm with . or Enter, or press ? or * to list all spells.
You can't see any susceptible monsters within range! (Use Z to cast anyway.) Unknown command.
You closely miss the phantom.
The phantom is lightly damaged.
The phantom hits you!
* * * LOW HITPOINT WARNING * * *
You hit the phantom but do no damage.
The phantom is lightly damaged.
The phantom completely misses you.
You hit the phantom.
The phantom is lightly damaged.
The phantom hits you!
You die...

#.#....# #.......
#....#.########...
###.##......# #...
#(#######.# #...
#######.# #.# #...
#.....#)# #.# #...
#.....#(####..#.#
#...
#.....#(......#.#
#...
#.....)..#....#.#
#... #....W##.#
####.# ##'#
#....@##.#.#....#
#.#
#...%.##.#.#.####
#.# #.....##.#.#.#
#.# #.....##.#.#)#
#.# #.....##.#.#.#
#.. #.....##.#.#.#
###.###
###.####.#.#(#
#...... #. #.....#
#.#.### #. ###.###
#. #†#<#
######.#.# #.###


You could see a phantom.

Vanquished Creatures
  Ijyb (D:3)
  A worker ant (D:3)
  A gnoll (D:2)
  7 adders
  An ooze (D:1)
  5 worms
  3 dart slugs
  A leopard gecko (D:2)
  7 orcs (D:3)
  8 bats
  4 giant cockroaches
  7 goblins
  6 hobgoblins
  4 jackals (D:1)
  A quokka (D:3)
  3 frilled lizards
  14 kobolds
  4 rats
78 creatures vanquished.

Notes
Turn   | Place    | Note
-------+----------+-------------------------------------------
     0 | D:1      | hilaritas the Merfolk Venom Mage began the quest for the Orb.
     0 | D:1      | Reached XP level 1. HP: 13/13 MP: 3/3
   101 | D:1      | Reached skill level 1 in Conjurations
   399 | D:1      | Reached XP level 2. HP: 19/19 MP: 0/5
   608 | D:1      | Reached skill level 4 in Poison Magic
   612 | D:1      | Learned a level 2 spell: Poisonous Vapours
   895 | D:1      | Reached XP level 3. HP: 24/24 MP: 1/6
  1220 | D:1      | Learned a level 3 spell: Mephitic Cloud
  2013 | D:2      | Reached XP level 4. HP: 23/30 MP: 1/7
  3025 | D:2      | Reached skill level 5 in Poison Magic
  3231 | D:2      | Reached XP level 5. HP: 35/35 MP: 4/8
  3745 | D:3      | Noticed Ijyb
  3801 | D:3      | Killed Ijyb
  4469 | D:3      | Found a stormy altar of Qazlal.
  4469 | D:3      | Found a glowing silver altar of Zin.
  4699 | D:3      | Reached XP level 6. HP: 37/41 MP: 4/11
  4735 | D:3      | Learned a level 5 spell: Venom Bolt
  4764 | D:3      | Noticed a phantom
  4800 | D:3      | Slain by a phantom

Skill      XL: |  1  2  3  4  5 |
---------------+----------------+-----
Conjurations   | 1 2 |  2.3
Poison Magic   | 4 5 |  5.0
Spellcasting   | 3 |  3.7
Dodging        | |  2.6
Stealth        | |  2.1

Action                   |  1- 3 |  4- 6 || total
-------------------------+-------+-------++-------
Melee: Unarmed           |    18 |       ||    18
       Spear             |    25 |   120 ||   145
 Cast: Sting             |    57 |    54 ||   111
       Poisonous Vapours |     5 |    32 ||    37
 Stab: Distracted        |       |     1 ||     1
  Eat: Chunk             |     3 |    12 ||    15
       Royal jelly       |     1 |       ||     1
Armor: Robe              |     6 |    12 ||    18
Dodge: Dodged            |    34 |    64 ||    98
